 Dungeon Crawl Stone Soup version 0.28-a0-476-g0f06bd746f (webtiles) character file.

Game seed: 6237237698413516309

1641 dduke234 the Cleaver (level 8, -6/89 HPs)
             Began as an Ogre Chaos Knight on Sept 16, 2021.
             Was a Plaything of Xom.
             Mangled by a gnoll (9 damage)
             ... on level 6 of the Dungeon.
             The game lasted 00:11:45 (6533 turns).

dduke234 the Cleaver (Ogre Chaos Knight)            Turns: 6533, Time: 00:11:46

Health: -6/89      AC:  4    Str: 19    XL:     8   Next: 99%
Magic:  8/8        EV: 10    Int: 13    God:    Xom [..*...]
Gold:   841        SH:  5    Dex: 14    Spells: 7/7 levels left

rFire   . . .      SeeInvis +   i - +4 quarterstaff (chaos)
rCold   . . .      Faith    .   (shield currently unavailable)
rNeg    . . .      Spirit   .   b - +2 robe
rPois   .          Reflect  +   (helmet restricted)
rElec   .          Harm     .   (no cloak)
rCorr   .          Rampage  .   (gloves unavailable)
Will    +....                   (boots unavailable)
Stlth   ++........              c - amulet of reflection
HPRegen 0.24/turn               g - ring of see invisible
MPRegen 0.11/turn               j - +6 ring of dexterity

@: brilliant
A: large, unfitting armour, tough skin 1, deformed body, strong-willed 1,
screaming 2
a: Renounce Religion


You were on level 6 of the Dungeon.
You worshipped Xom.
You were a toy of Xom.
You visited 1 branch of the dungeon, and saw 6 of its levels.

You collected 841 gold pieces.

Inventory:

Hand Weapons
 a - a +1 hand axe of chaos
 i - a +4 quarterstaff of chaos (weapon)
Armour
 b - a +2 robe (worn)
Jewellery
 c - an amulet of reflection (around neck)
 f - an amulet of regeneration
 g - a ring of see invisible (left hand)
 h - a ring of resist corrosion
 j - a +6 ring of dexterity (right hand)
 k - a ring of protection from fire
 p - an amulet of magic regeneration
Scrolls
 m - a scroll of enchant armour
 n - a scroll of brand weapon
Potions
 d - a potion of degeneration


   Skills:
 * Level 8.5 Fighting
 - Level 8.8 Axes
 * Level 0.9 Staves
 - Level 2.1 Dodging
 * Level 2.5 Stealth
 - Level 2.1 Shields


You had 7 spell levels left.
You didn't know any spells.
Your spell library contained the following spells:

 Spells                   Type           Power      Damage    Failure   Level
 Beastly Appendage        Tmut           0%         N/A       30%         1
 Freeze                   Ice            0%         1d3       30%         1
 Magic Dart               Conj           0%         1d3       30%         1
 Call Imp                 Summ           0%         N/A       43%         2
 Wereblood                Tmut           0%         N/A       43%         2
 Frozen Ramparts          Ice            0%         1d2       67%         3
 Mephitic Cloud           Conj/Pois/Air  0%         N/A       67%         3
 Spider Form              Tmut/Pois      0%         N/A       67%         3
 Hailstorm                Conj/Ice       0%         3d3       97%         4


Dungeon Overview and Level Annotations

Branches:
Dungeon (6/15)             Temple (0/1) D:6

Altars:
Cheibriados
Elyvilon
Sif Muna
Uskayaw
Xom
The Shining One

Shops:
D:4 (   D:5 [


Innate Abilities, Weirdness & Mutations

You are too large for most types of armour.
You have tough skin. (AC +1)
Armour fits poorly on your strangely shaped body.
You are strong-willed. (Will+)
You frequently scream uncontrollably at your foes.


Message History

A gnoll shaman comes into view. It is wielding a +0 whip.
You scream at the gnoll shaman!
You closely miss the gnoll. The gnoll hits you with a +0 halberd!
The gnoll hits you with a +0 flail. You block the gnoll's attack.
You thump the gnoll! You freeze the gnoll.
You kill the gnoll!
The gnoll hits you with a +0 flail. The gnoll misses you.
The gnoll barely misses you. x2; The gnoll hits you with a +0 halberd!
You are too injured to fight recklessly!
You are too injured to fight recklessly!
You are too injured to fight recklessly!
You are too injured to fight recklessly!
You feel much better. The gnoll hits you with a +0 flail!
The gnoll shaman hits you with a +0 whip!
You block the gnoll's attack. The gnoll hits you with a +0 halberd!
You sock the gnoll!
The gnoll is heavily wounded.
The gnoll hits you with a +0 flail. You block the gnoll's attack.
The gnoll shaman calls upon its god to speed up the gnoll.
The gnoll seems to speed up.
You block the gnoll's attack.
You hit the gnoll. You freeze the gnoll.
You kill the gnoll!
The gnoll barely misses you. The gnoll hits you with a +0 flail!
* * * LOW HITPOINT WARNING * * *
You block the gnoll shaman's attack. The gnoll closely misses you.
You closely miss the gnoll. The gnoll barely misses you.
The gnoll closely misses you. You block the gnoll shaman's attack.
The gnoll completely misses you.
You completely miss the gnoll shaman. The gnoll hits you with a +0 flail.
* * * LOW HITPOINT WARNING * * *
The gnoll shaman barely misses you. The gnoll misses you.
The gnoll hits you with a +0 flail!
* * * LOW HITPOINT WARNING * * *
The gnoll shaman closely misses you. The gnoll hits you with a +0 flail.
* * * LOW HITPOINT WARNING * * *
Xom is mildly amused.
It was a potion of brilliance.
You feel clever all of a sudden. The gnoll hits you with a +0 flail!
You die...

... #.# ###.# ...# #.#
## #..## #.# #.. ...#
.. #.# ###.#.#gg###.#
#.# ......g@).##.# #.#
...#.#.#...#.#### #.#
#.......#....... #.#
..#.>.#...#.######.####
#.......#...# #........
..#.#.#.....# #.##.####
##.......##..#
#.#...... ##.#.#..###.#
#.#....## .......# #>#
#.#....##


You could see a gnoll shaman and 2 gnolls.

Vanquished Creatures
  A kobold demonologist (D:5)
  A sky beast (D:5)
  A black bear (D:5)
  2 ogres
  A kobold brigand (D:5)
  2 water moccasin zombies
  A scorpion (D:4)
  A bullfrog zombie (D:5)
  2 orc priests
  2 jellies
  A hound (D:4)
  A bullfrog skeleton (D:6)
  An iguana (D:5)
  4 orc wizards
  Robin (D:3)
  2 gnolls (D:6)
  7 adders
  A white imp (D:6)
  An adder skeleton (D:4)
  2 worms
  13 orcs
  3 ball pythons
  4 endoplasms
  11 goblins
  10 hobgoblins
  6 jackals
  2 quokkas
  8 bats
  2 frilled lizards
  9 kobolds
  8 rats
111 creatures vanquished.

Vanquished Creatures (collateral kills)
  A kobold demonologist (D:5)
1 creature vanquished.

Grand Total: 112 creatures vanquished

Notes
Turn   | Place    | Note
-------+----------+-------------------------------------------
     0 | D:1      | dduke234 the Ogre Chaos Knight began the quest for the Orb.
     0 | D:1      | Reached XP level 1. HP: 24/24 MP: 1/1
   228 | D:1      | Reached XP level 2. HP: 33/33 MP: 2/2
   736 | D:1      | XOM: divination: detect items
   810 | D:1      | Reached XP level 3. HP: 38/41 MP: 3/3
   832 | D:1      | Identified a scroll of acquirement
   832 | D:1      | Acquired 660 gold pieces
   923 | D:1      | XOM: silly message
   951 | D:1      | XOM is BORED!
   951 | D:1      | XOM: silly message
  1076 | D:2      | XOM: divination: detect creatures
  1108 | D:2      | Reached skill level 5 in Fighting
  1413 | D:2      | Reached XP level 4. HP: 43/50 MP: 4/4
  1798 | D:3      | Noticed Robin
  1806 | D:3      | Gained mutation: Armour fits poorly on your strangely
                  | shaped body. [potion of mutation]
  1806 | D:3      | Gained mutation: You are strong-willed. (Will+) [potion of
                  | mutation]
  1810 | D:3      | Killed Robin
  2020 | D:3      | Noticed a floating eye
  2044 | D:3      | Found a faded altar of an unknown god.
  2045 | D:3      | Noticed a golden eye
  2045 | D:3      | Noticed a shining eye
  2045 | D:3      | Noticed a shining eye
  2140 | D:3      | Reached XP level 5. HP: 57/57 MP: 5/5
  2238 | D:3      | XOM: summons 3 hostile demons
  2249 | D:3      | HP: 2/57 [shadow imp[Xom] (4)]
  2263 | D:3      | HP: 2/57 [crimson imp[Xom] (3)]
  2574 | D:3      | XOM: scenery: 2 doors open
  2996 | D:3      | XOM: cloud trail
  3200 | D:3      | XOM: give mutations
  3200 | D:3      | Gained mutation: You occasionally shout uncontrollably at
                  | your foes. [Xom's mischief]
  3200 | D:3      | Gained mutation: You frequently scream uncontrollably at
                  | your foes. [Xom's mischief]
  3209 | D:4      | Reached skill level 5 in Axes
  3323 | D:4      | Reached XP level 6. HP: 67/67 MP: 6/6
  3326 | D:4      | XOM: cloud trail
  3330 | D:4      | Found a white marble altar of Elyvilon.
  3337 | D:4      | XOM: blink monster(s)
  3345 | D:4      | XOM: noise
  3466 | D:4      | Reached skill level 1 in Stealth
  3466 | D:4      | Reached XP level 7. HP: 39/75 MP: 7/7
  3615 | D:4      | XOM: divination: detect creatures
  3708 | D:4      | Found Micefual's Antique Weapon Boutique.
  4184 | D:5      | Entered Level 5 of the Dungeon
  4184 | D:5      | Found Tuci's Armour Emporium.
  4206 | D:5      | XOM: silly message
  4316 | D:5      | Found a shimmering blue altar of Sif Muna.
  4325 | D:5      | XOM: enchant monster (good)
  4564 | D:5      | Found a glowing golden altar of the Shining One.
  4565 | D:5      | Found a snail-covered altar of Cheibriados.
  4587 | D:5      | XOM: snakes to sticks
  4611 | D:5      | Reached skill level 1 in Shields
  4752 | D:5      | XOM: god gift: staff of cold
  4897 | D:5      | Found a hide-covered altar of Uskayaw.
  5000 | D:5      | Noticed a kobold demonologist
  5002 | D:5      | Noticed an ice devil
  5003 | D:5      | XOM: summons 7 friendly demons
  5010 | D:5      | Killed a kobold demonologist
  5011 | D:5      | Reached XP level 8. HP: 80/87 MP: 8/8
  5011 | D:5      | Noticed a kobold demonologist
  5173 | D:5      | XOM: scenery: create altars
  5433 | D:5      | Found a runed translucent door.
  5434 | D:5      | Noticed Crazy Yiuf
  5558 | D:5      | XOM: cast spell 'Monstrous Menagerie'
  5571 | D:5      | Noticed an ice devil
  5573 | D:5      | Killed a kobold demonologist
  6038 | D:5      | Noticed Crazy Yiuf
  6038 | D:5      | Crazy Yiuf changed into Crazy Yiuf the bat
  6041 | D:5      | Killed Crazy Yiuf the bat
  6193 | D:5      | XOM: divination: detect items
  6461 | D:6      | XOM: noise
  6516 | D:6      | Found a staircase to the Ecumenical Temple.
  6532 | D:6      | HP: 3/89 [gnoll (5)]
  6533 | D:6      | Mangled by a gnoll

Illustrated notes

Levels and vault maps discovered:
D:1:      amcnicky_arrival_flooded_fountain, layout_loops_ring
D:2:      layout_loops_ring
D:3:      layout_basic, hellmonk_ecumenical_altar_watching_god,
          hangedman_decor_diamond_cutter, minmay_fractal_squares_gapless_5,
          uniq_robin
D:4:      layout_basic, nicolae_elyvilon_peaceful_grove, serial_shops, shop
D:5:      layout_loops_corners, mainiacjoe_overflow_divided_tiny,
          nicolae_sif_muna_condensation, mainiacjoe_overflow_alcove_2,
          serial_shops, nicolae_shop_window_shopping, dk_noncrumbling_2,
          uniq_crazy_yiuf_cottage
D:6:      layout_basic, minmay_temple_entry_sparse_star, gammafunk_ghost_split,
          nicolae_ossuary_entry_false_entrances

Skill      XL: |  1  2  3  4  5  6  7  8 |
---------------+-------------------------+-----
Fighting       | 5 6 7 8 |  8.5
Axes           | 4 5 6 8 |  8.8
Stealth        | 1 2 |  2.5
Shields        | 1 2 |  2.1
Staves         | |  0.9
Dodging        | |  2.1

Action                   |  1- 3 |  4- 6 |  7- 9 || total
-------------------------+-------+-------+-------++-------
Melee: Hand axe          |   107 |   136 |   118 ||   361
       Quarterstaff      |       |       |    19 ||    19
  Use: Scroll            |     2 |     4 |     5 ||    11
       Potion            |       |     3 |     2 ||     5
 Stab: Paralysed         |     3 |       |     3 ||     6
       Sleeping          |     1 |     2 |     2 ||     5
       Confused          |       |     1 |       ||     1
       Distracted        |       |       |     1 ||     1
       Petrifying        |       |       |     1 ||     1
       Petrified         |       |       |     1 ||     1
Armor: Robe              |    41 |    42 |    21 ||   104
Dodge: Dodged            |    50 |    71 |    58 ||   179
Block: Other             |     6 |    27 |    34 ||    67
       Reflection        |       |       |     1 ||     1

Table legend: (Time is in decaauts)
 A = Elapsed time spent in this place.
 B = Non-inter-level travel time spent in this place.
 C = Inter-level travel time spent in this place.
 D = Time resting spent in this place.
 E = Time spent auto-exploring this place.
 F = Levels seen in this place.
 G = Mean time per level.
                   A        B        C        D        E       F      G
               +--------+--------+--------+--------+--------+-----+--------+
         Total |   6559 |   6193 |    366 |      0 |   5264 |   6 | 1093.2 |
       Dungeon |   6559 |   6193 |    366 |      0 |   5264 |   6 | 1093.2 |
               +--------+--------+--------+--------+--------+-----+--------+

Top non-repeatable levels by time:
     D:5: 2030 daAuts
     D:3: 1465 daAuts
     D:1: 1022 daAuts
     D:4: 985 daAuts
     D:2: 732 daAuts
     D:6: 324 daAuts
